 Dungeon Crawl Stone Soup version 0.29-a0-350-g7790a0e70a (webtiles) character file.

Game seed: 8107966132810852160

49 spaghetti the Caller (level 3, -7/25 HPs)
             Began as a Gnoll Summoner on Apr 22, 2022.
             Mangled by Crazy Yiuf
             ... wielding a +4 quarterstaff of chaos
              (12 damage)
             ... on level 2 of the Dungeon.
             The game lasted 00:03:17 (1637 turns).

spaghetti the Caller (Gnoll Summoner)               Turns: 1637, Time: 00:03:17

Health: -7/25      AC:  4    Str:  6 (7)  XL:     3   Next: 75%
Magic:  5/9        EV: 13    Int: 14 (16) God:
Gold:   88         SH:  0    Dex: 13 (15) Spells: 9/12 levels left

rFire   . . .      SeeInvis .   f - staff of poison {!astaff}
rCold   . . .      Faith    .   (no shield)
rNeg    . . .      Spirit   .   a - +0 robe
rPois   +          Reflect  .   (no helmet)
rElec   .          Harm     .   (no cloak)
rCorr   .          Rampage  .   h - +1 pair of gloves {Dex+3}
Will    .....                   (no boots)
Stlth   +++.......              (no amulet)
HPRegen 0.08/turn               (no ring)
MPRegen 0.11/turn               (no ring)

@: attractive, flying
A: fangs 1, strong nose, distributed training
a: no special abilities


You were on level 2 of the Dungeon.
You visited 1 branch of the dungeon, and saw 2 of its levels.

You collected 88 gold pieces.


Innate Abilities, Weirdness & Mutations

You have very sharp teeth.
Your uncanny sense of smell can sniff out nearby items.
Your experience applies equally to all skills.


   Skills:
 + Level 0.9 Fighting
 + Level 0.9 Short Blades
 + Level 0.9 Long Blades
 + Level 0.9 Axes
 + Level 0.9 Maces & Flails
 + Level 0.9 Polearms
 + Level 0.9 Staves
 + Level 0.9 Slings
 + Level 0.9 Bows
 + Level 0.9 Crossbows
 + Level 0.9 Throwing
 + Level 0.9 Armour
 + Level 4.5 Dodging
 + Level 4.2 Stealth
 + Level 0.9 Shields
 + Level 0.9 Unarmed Combat
 + Level 5.0 Spellcasting
 + Level 0.6 Conjurations
 + Level 0.6 Hexes
 + Level 7.1 Summonings
 + Level 0.6 Necromancy
 + Level 0.6 Translocations
 + Level 0.6 Transmutations
 + Level 0.6 Fire Magic
 + Level 0.6 Ice Magic
 + Level 0.6 Air Magic
 + Level 0.6 Earth Magic
 + Level 0.6 Poison Magic
 + Level 1.0 Invocations
 + Level 0.9 Evocations


You had 9 spell levels left.
You knew the following spells:

 Your Spells              Type           Power      Damage    Failure   Level
a - Summon Small Mammal   Summ           92%        N/A       1%          1
b - Call Imp              Summ           23%        N/A       1%          2

Your spell library contained the following spells:

 Spells                   Type           Power      Damage    Failure   Level
 Call Canine Familiar     Summ           23%        N/A       2%          3
 Summon Guardian Golem    Hex/Summ       14%        N/A       11%         3
 Freeze                   Ice            20%        1d4       14%         1
 Magic Dart               Conj           20%        1d4       14%         1
 Summon Lightning Spire   Summ/Air       14%        N/A       34%         4
 Frozen Ramparts          Ice            10%        1d3       38%         3
 Mephitic Cloud           Conj/Pois/Air  7%         N/A       38%         3
 Hailstorm                Conj/Ice       5%         3d4       80%         4

Inventory:

Hand Weapons
 d - a +0 club {mace}
   (You took it off a goblin on level 1 of the Dungeon)
Missiles
 c - 49 stones {throwing}
Armour
 a - a +0 robe (worn)
 h - a +1 pair of gloves of dexterity (worn)
   (You found it on level 1 of the Dungeon)
Magical Staves
 f - a staff of poison (weapon) {!astaff}
   (You found it on level 1 of the Dungeon)
Jewellery
 e - a +4 ring of evasion
   (You found it on level 1 of the Dungeon)
Scrolls
 g - 2 scrolls of identify {unknown}
 i - a scroll of blinking {unknown}
 m - a scroll of silence {unknown}
 n - 4 scrolls of noise {unknown}
 o - a scroll of teleportation {unknown}
Potions
 b - 2 potions of magic
 k - 2 potions of curing {@q1}

Dungeon Overview and Level Annotations

Branches:
Dungeon (2/15)

Altars:

Annotations:
D:2 Crazy Yiuf

.#...#####.# #.# #..
..#.#......# #.# ##.
....#.###### #.#######.
...>#.# #.......).
....#.# ##########
..#.#.# ####### ###.#.#
♣♣♣♣♣### #...... #.#>#
### ♣♣♣.♣....###.#####
#...#
#..)#♣@b♣......##.#
#.#.#
#.).5g♣♣♣♣......#.##
#.#.### #)).#♣♣
♣♣........# #.....# ###
♣♣#####..# ###.###
#..#### #.# ####......
#.# ### ######.........
#.#
#.########....####)#####
#.# #.......)#.#### #.#


You could see Crazy Yiuf (ally target), a friendly white imp (summoned) and a
friendly bat (summoned).


Message History

No target in view!
No target in view!
No target in view!
No target in view!
No target in view!
No target in view!
No target in view!
No target in view!
Sorry, I don't know how to traverse that place.
You see here a frilled lizard corpse.
Crazy Yiuf shouts!
Press: ? - help, v - describe, . - travel, g - get item Item here: a runed mace.
The floor.
It was a potion of attraction.
You feel attractive to monsters.
It was a potion of curing.
You feel better.
It was a potion of degeneration.
There was something very wrong with that liquid.
You feel weakened.
You feel dopey.
You feel clumsy.
It was a potion of flight.
You feel very buoyant.
You fly up into the air.
Crazy Yiuf says, "Race aubergine water!"
Unknown command.
You reach down and open the door.
You aren't carrying any items that you can evoke.
Casting: Call Imp (safe; 1% risk of failure)
Confirm with . or Enter, or press ? or * to list all spells.
Crazy Yiuf sings, "Trees, trees, trees, circus!"
Crazy Yiuf hits you with a +4 quarterstaff of chaos. 😕 HP[-5] MP[-1]
You take 5 damage, and now have 20/25 hp.
You lost 1 mp, and now have 8/9 mp.
Casting: Summon Small Mammal (safe; 1% risk of failure)
Confirm with . or Enter, or press ? or * to list all spells.
Crazy Yiuf barely misses you. 😕 MP[-1]
You lost 1 mp, and now have 7/9 mp.
You hit Crazy Yiuf but do no damage. Crazy Yiuf barely misses you.
Your quokka barely misses Crazy Yiuf.
You hit Crazy Yiuf but do no damage. You bite Crazy Yiuf, but do no damage.
Your quokka closely misses Crazy Yiuf.
Crazy Yiuf hits you with a +4 quarterstaff of chaos!
* * * LOW HITPOINT WARNING * * *
You resist with some effort. 😨 HP[-8]
You take 8 damage, and now have 12/25 hp.
MASSIVE DAMAGE!! (PAUSE)
Casting: Summon Small Mammal (safe; 1% risk of failure)
Confirm with . or Enter, or press ? or * to list all spells.
A beastly little devil appears in a puff of frigid air.
Your quokka bites Crazy Yiuf.
Crazy Yiuf completely misses you.
Your quokka bites Crazy Yiuf. 😨 MP[-2]
You lost 2 mp, and now have 5/9 mp.
Unknown command.
You swap places.
Crazy Yiuf closely misses your quokka.
Your quokka bites Crazy Yiuf but does no damage. x2
What are your orders? t - Bark!
Orders for allies: a - Attack new target. r - Retreat! s - Stop attacking. g - Guard the area. f - Follow me.
Anything else - Cancel.
Gang up on whom?
Press: ? - help, Dir - move target, f - Crazy Yiuf
Aim: Crazy Yiuf, wielding a +4 quarterstaff of chaos and wearing a +2 cloak of willpower (moderately wounded, ally target) Attack!
Crazy Yiuf whimpers, "Goober!"
Crazy Yiuf barely misses your quokka.
Your quokka bites Crazy Yiuf but does no damage. x2
Your white imp hits Crazy Yiuf.
Your white imp freezes Crazy Yiuf.
Your quokka barely misses Crazy Yiuf.
Your quokka bites Crazy Yiuf but does no damage.
Crazy Yiuf hits your quokka with a +4 quarterstaff of chaos.
Lightning courses through your quokka!
Your quokka dies!
Your quokka's corpse disappears in a puff of smoke!
Your white imp completely misses Crazy Yiuf. 😮 HP[+1]
Casting: Call Imp (safe; 1% risk of failure)
Confirm with . or Enter, or press ? or * to list all spells.
Your quokka bites Crazy Yiuf.
Crazy Yiuf hits your quokka with a +4 quarterstaff of chaos!
Your quokka dies!
Your quokka's corpse disappears in a puff of smoke!
Your white imp hits Crazy Yiuf but does no damage.
Crazy Yiuf is attracted toward you.
You catch the helpless Crazy Yiuf completely off-guard!
You hit Crazy Yiuf but do no damage. Your bite misses Crazy Yiuf.
Crazy Yiuf hits you with a +4 quarterstaff of chaos!
* * * LOW HITPOINT WARNING * * *
😱 HP[-8]
You take 8 damage, and now have 5/25 hp.
MASSIVE DAMAGE!! (PAUSE) Unknown command.
You closely miss Crazy Yiuf.
Crazy Yiuf hits you with a +4 quarterstaff of chaos!
You die...

Skill      XL: |  1  2  3 |
---------------+----------+-----
Spellcasting   | 5 |  5.0
Invocations    | 1 |  1.0
Fighting       | |  0.9
Short Blades   | |  0.9
Long Blades    | |  0.9
Axes           | |  0.9
Maces & Flails | |  0.9
Polearms       | |  0.9
Staves         | |  0.9
Slings         | |  0.9
Bows           | |  0.9
Crossbows      | |  0.9
Throwing       | |  0.9
Armour         | |  0.9
Dodging        | |  4.5
Stealth        | |  4.2
Shields        | |  0.9
Unarmed Combat | |  0.9
Conjurations   | |  0.6
Hexes          | |  0.6
Summonings     | |  7.1
Necromancy     | |  0.6
Translocations | |  0.6
Transmutations | |  0.6
Fire Magic     | |  0.6
Ice Magic      | |  0.6
Air Magic      | |  0.6
Earth Magic    | |  0.6
Poison Magic   | |  0.6
Evocations     | |  0.9

Action                   || total
-------------------------++-------
Melee: Club              ||    24
       Bite              ||     3
       Staff             ||    66
       Punch             ||     1
 Cast: Summon Small Mamm ||    29
       Call Imp          ||     2
  Use: Potion            ||     4
 Stab: Sleeping          ||     3
       Distracted        ||     1
Armor: Robe              ||    26
Dodge: Dodged            ||    83

Levels and vault maps discovered:
D:1:      heliophobic_arrival_battle_scene, layout_basic
D:2:      layout_loops_ring, uniq_crazy_yiuf_cottage

Notes
Turn   | Place    | Note
-------+----------+-------------------------------------------
     0 | D:1      | spaghetti the Gnoll Summoner began the quest for the Orb.
     0 | D:1      | Reached XP level 1. HP: 13/13 MP: 6/6
     0 | D:1      | magus.rc [v1.9.6]
    74 | D:1      | Reached XP level 2. HP: 17/19 MP: 7/7
    86 | D:1      | You pick up a book of Minor Magic and begin reading...
    86 | D:1      | You add the spells Magic Dart and Mephitic Cloud to your
                  | library.
   225 | D:1      | Learned a level 2 spell: Call Imp
   681 | D:1      | Reached XP level 3. HP: 24/25 MP: 6/9
   762 | D:2      | Reached skill level 5 in Spellcasting
  1010 | D:2      | You pick up a book of Frost and begin reading...
  1010 | D:2      | You add the spells Freeze, Frozen Ramparts and Hailstorm to
                  | your library.
  1043 | D:2      | Reached skill level 1 in Invocations
  1445 | D:2      | Found a runed translucent door.
  1446 | D:2      | Noticed Crazy Yiuf
  1636 | D:2      | HP: 5/25 [Crazy Yiuf/+4 quarterstaff of chaos (8)]
  1637 | D:2      | Mangled by Crazy Yiuf

Vanquished Creatures
  2 ball pythons
  4 endoplasms
  A giant cockroach (D:2)
  3 goblins (D:2)
  2 hobgoblins (D:1)
  3 kobolds (D:1)
  A quokka (D:1)
  3 bats (D:1)
  2 frilled lizards
21 creatures vanquished.

Vanquished Creatures (collateral kills)
  2 dart slugs (D:2)
  3 endoplasms
  3 goblins
  3 ball pythons
  2 bats (D:2)
  3 kobolds
  2 rats (D:1)
18 creatures vanquished.

Grand Total: 39 creatures vanquished

Table legend:
 A = Non-vault XP
 B = Vault XP
 C = Vault XP percentage of total XP
 D = Non-vault monster count
 E = Vault monster count
 F = Vault count percentage of total count
                 A         B        C        D         E       F
            +---------+---------+-------+---------+---------+-------
      Total |      70 |       0 |   0.0 |      39 |       0 |   0.0
            +---------+---------+-------+---------+---------+-------
        D:1 |      34 |       0 |   0.0 |      21 |       0 |   0.0
        D:2 |      36 |       0 |   0.0 |      18 |       0 |   0.0
            +---------+---------+-------+---------+---------+-------

Illustrated notes

Table legend:
 A = Kills in this place as a percentage of kills in entire the game.
 B = Kills by you in this place as a percentage of kills by you in the entire game.
 C = Kills by friends in this place as a percentage of kills by friends in the entire game.
 D = Other kills in this place as a percentage of other kills in the entire game.
 E = Experience gained in this place as a percentage of experience gained in the entire game.
 F = Experience gained in this place divided by the number of levels of this place that you have seen.
                   A       B       C       D       E      F
               +-------+-------+-------+-------+-------+----------------------
         Total | 100.0 | 100.0 | 100.0 |   N/A | 100.0 |  35.0
       Dungeon | 100.0 | 100.0 | 100.0 |   N/A | 100.0 |  35.0
               +-------+-------+-------+-------+-------+----------------------

Table legend: (Time is in decaauts)
 A = Elapsed time spent in this place.
 B = Non-inter-level travel time spent in this place.
 C = Inter-level travel time spent in this place.
 D = Time resting spent in this place.
 E = Time spent auto-exploring this place.
 F = Levels seen in this place.
 G = Mean time per level.
                   A        B        C        D        E       F      G
               +--------+--------+--------+--------+--------+-----+--------+
         Total |   1653 |   1591 |     62 |      0 |   1194 |   2 |  826.5 |
       Dungeon |   1653 |   1591 |     62 |      0 |   1194 |   2 |  826.5 |
               +--------+--------+--------+--------+--------+-----+--------+

Top non-repeatable levels by time:
     D:2: 921 daAuts
     D:1: 732 daAuts
